Map: [ESL] Dragon Scales

Players

SKillous - Winner!

  • Race: Protoss Protoss
  • Spawn Location: 5:00

MaxPax

  • Race: Protoss Protoss
  • Spawn Location: 11:00

Event: ESL SC2 Masters 2023 Summer (Regionals)

VOD

Have the link to the VOD?

Description

Time

  • Played on: May 20, 2023, 12:28 p.m.
  • Length: 12:33

All games in this series

Show
View Real Time Build Order
Export as new Build Order

SKillous Protoss - Winner!

Build Orders: Oracle Opening, Blink Stalkers 

Get SALT Encoding   

  12  0:00  Probe  
  13  0:12  Probe  
  14  0:19  Pylon  
  14  0:24  Probe  
  15  0:37  Probe (Chrono Boost)  
  15  0:38  Gateway  
  16  0:46  Probe (Chrono Boost)  
  16  0:47  Assimilator  
  17  0:51  Probe  
  17  0:55  Assimilator  
  18  1:04  Probe (Chrono Boost)  
  19  1:08  Gateway  
  19  1:13  Probe (Chrono Boost)  
  19  1:18  Probe (Chrono Boost)  
  21  1:25  Cybernetics Core  
  21  1:30  Probe  
  22  1:33  Pylon  
  22  1:42  Probe  
  23  1:54  Probe  
  24  2:03  Adept x2, Warp Gate  
  28  2:09  Probe  
  28  2:10  Pylon  
  29  2:22  Probe  
  30  2:29  Stargate  
  30  2:34  Probe  
  31  2:46  Probe  
  32  2:53  Nexus  
  32  2:58  Probe  
  32  3:08  Pylon  
  32  3:10  Probe, Oracle (Chrono Boost)  
  36  3:22  Probe  
  36  3:23  Twilight Council  
  37  3:34  Probe  
  37  3:38  Oracle (Chrono Boost)  
  38  3:46  Probe  
  42  3:53  Blink (Chrono Boost)  
  42  3:58  Probe  
  43  4:05  Probe  
  44  4:10  Probe  
  44  4:14  Stalker  
  48  4:17  Probe  
  48  4:19  Stalker  
  48  4:23  Probe  
  51  4:28  Gateway  
  51  4:29  Probe, Shield Battery  
  52  4:35  Probe  
  52  4:37  Assimilator  
  53  4:43  Probe  
  53  4:45  Stalker x2  
  56  4:47  Probe  
  56  4:50  Pylon  
  59  4:59  Probe  
  61  5:06  Nexus  
  60  5:13  Stalker  
  63  5:16  Stalker  
  63  5:18  Shield Battery  
  63  5:21  Probe  
  65  5:22  Probe  
  66  5:29  Stalker  
  66  5:33  Probe  
  69  5:37  Probe  
  69  5:39  Pylon  
  69  5:41  Forge  
  70  5:43  Pylon  
  70  5:55  Pylon  
  70  5:57  Probe (Chrono Boost)  
  70  5:58  Shield Battery  
  70  6:02  Pylon  
  70  6:03  Probe (Chrono Boost), Stalker, Sentry  
  76  6:06  Stalker  
  76  6:07  Probe (Chrono Boost)  
  76  6:11  Probe (Chrono Boost), Protoss Ground Weapons Level 1 (Chrono Boost)  
  80  6:12  Probe (Chrono Boost)  
  80  6:17  Photon Cannon  
  81  6:20  Photon Cannon  
  81  6:27  Probe x2  
  83  6:35  Probe  
  83  6:38  Photon Cannon  
  83  6:39  Probe, Stalker x2  
  86  6:40  Probe  
  86  6:42  Stalker  
  89  6:47  Probe  
  89  6:49  Charge  
  89  7:02  Stalker  
  89  7:03  Stalker  
  89  7:06  Stalker  
  93  7:10  Probe  
  92  7:19  Probe  
  92  7:24  Probe  
  92  7:28  Gateway  
  93  7:30  Gateway  
  93  7:32  Gateway x2  
  93  7:34  Gateway  
  93  7:35  Probe x2  
  93  7:37  Probe  
  94  7:39  Stalker x3  
  97  7:45  Phoenix (Chrono Boost)  
  97  7:47  Probe  
  97  7:51  Pylon  
  101  7:54  Nexus  
  100  7:58  Robotics Facility  
  100  8:01  Probe x2  
  102  8:10  Protoss Ground Weapons Level 2 (Chrono Boost)  
  102  8:11  Pylon  
  102  8:13  Probe x3  
  105  8:25  Probe x2  
  105  8:26  Forge  
  107  8:29  Photon Cannon  
  107  8:30  Stalker x3  
  111  8:35  Shield Battery  
  111  8:36  Stalker  
  111  8:40  Probe x2  
  115  8:45  Stalker  
  115  8:46  Stalker  
  119  8:52  Protoss Ground Armor Level 1 (Chrono Boost), Zealot  
  119  8:53  Zealot  
  119  8:55  Observer (Chrono Boost)  
  124  8:56  Probe  
  124  8:59  Pylon  
  124  9:01  Photon Cannon  
  125  9:03  Pylon  
  125  9:04  Pylon  
  125  9:09  Observer  
  127  9:23  Pylon, Stalker x3  
  131  9:24  Nexus  
  131  9:25  Pylon  
  130  9:32  Zealot  
  130  9:33  Probe  
  130  9:34  Stalker x3  
  130  9:36  Observer  
  140  9:39  Probe x3  
  140  9:45  Probe  
  144  9:52  Stalker x4  
  152  9:55  Shield Battery  
  152  9:56  Zealot  
  146  10:05  Zealot x3  
  130  10:16  Probe x4  
  130  10:20  Photon Cannon  
  133  10:24  Stalker x3  
  133  10:26  Zealot x5  
  133  10:27  Warp Prism  
  133  10:28  Probe  
  152  10:46  Zealot x5  
  152  10:47  Zealot x3  
  162  10:55  Gateway  
  160  10:57  Gateway  
  152  11:07  Zealot x4  
  152  11:08  Zealot x4  
  157  11:17  Probe (Chrono Boost)  
  157  11:18  Probe (Chrono Boost), Observer  
  158  11:19  Probe (Chrono Boost)  
  158  11:20  Observer  
  158  11:21  Probe (Chrono Boost)  
  158  11:26  Photon Cannon  
  158  11:30  Probe x2 (Chrono Boost), Photon Cannon x2  
  159  11:33  Probe, Shield Battery  
  160  11:40  Stalker x6  
  160  11:45  Stalker x2  
  176  11:48  Observer  
  170  11:56  Probe  
  153  12:01  Zealot x2  
  153  12:05  Zealot x3  
  152  12:11  Zealot  
  152  12:12  Zealot x4  
  138  12:15  Probe  
  138  12:21  Probe  
  124  12:23  Zealot x2  
  124  12:26  Stalker x3  
Show
View Real Time Build Order
Export as new Build Order

MaxPax Protoss 

Build Orders: 1 Gate Expand 

Get SALT Encoding   

  12  0:00  Probe  
  13  0:12  Probe  
  14  0:20  Pylon  
  14  0:24  Probe  
  15  0:38  Probe (Chrono Boost)  
  15  0:42  Gateway  
  16  0:48  Probe (Chrono Boost)  
  16  0:49  Assimilator  
  17  0:53  Probe (Chrono Boost)  
  18  1:05  Probe  
  19  1:17  Probe  
  20  1:24  Nexus  
  20  1:34  Cybernetics Core  
  20  1:38  Probe  
  21  1:43  Assimilator  
  21  1:50  Probe  
  21  1:53  Pylon  
  22  2:02  Probe  
  23  2:09  Adept (Chrono Boost)  
  23  2:14  Probe  
  23  2:15  Robotics Facility  
  26  2:18  Warp Gate (Chrono Boost)  
  26  2:26  Probe  
  27  2:31  Stalker  
  29  2:38  Probe  
  29  2:39  Shield Battery  
  29  2:42  Probe  
  31  2:50  Probe  
  32  2:54  Probe  
  32  3:01  Stalker  
  34  3:07  Gateway  
  34  3:08  Probe  
  34  3:10  Probe  
  36  3:17  Shield Battery  
  36  3:22  Shield Battery  
  36  3:26  Shield Battery  
  36  3:28  Probe  
  36  3:31  Stalker  
  39  3:34  Probe  
  39  3:40  Observer  
  41  3:43  Probe  
  41  3:47  Probe  
  43  3:48  Twilight Council  
  43  3:55  Probe, Pylon  
  44  3:58  Pylon  
  44  4:04  Probe  
  44  4:07  Probe  
  44  4:08  Pylon  
  47  4:21  Adept x2  
  47  4:23  Probe, Blink (Chrono Boost)  
  51  4:28  Probe  
  51  4:30  Observer  
  51  4:36  Probe  
  51  4:37  Pylon  
  52  4:40  Probe  
  51  4:48  Stalker x2  
  51  4:49  Probe  
  56  4:53  Assimilator  
  56  4:56  Probe  
  57  5:02  Pylon  
  57  5:06  Gateway  
  57  5:10  Gateway  
  57  5:12  Dark Shrine  
  56  5:21  Stalker x2  
  60  5:28  Probe  
  61  5:40  Warp Prism (Chrono Boost)  
  61  5:41  Pylon  
  61  5:43  Nexus  
  63  5:56  Stalker x2  
  67  5:57  Probe  
  67  5:58  Probe  
  67  6:02  Stalker  
  71  6:06  Stalker  
  71  6:09  Probe  
  74  6:12  Probe  
  74  6:16  Forge  
  75  6:25  Stalker x3  
  80  6:27  Probe  
  80  6:28  Probe  
  80  6:39  Probe  
  79  6:41  Probe  
  79  6:45  Shield Battery  
  80  6:51  Probe  
  80  6:53  Dark Templar x2  
  85  6:56  Probe  
  87  7:01  Probe  
  87  7:04  Dark Templar  
  87  7:06  Probe  
  87  7:08  Probe  
  87  7:13  Probe (Chrono Boost)  
  84  7:17  Immortal  
  84  7:20  Probe (Chrono Boost)  
  84  7:22  Probe (Chrono Boost), Protoss Ground Weapons Level 1 (Chrono Boost)  
  90  7:24  Pylon  
  90  7:25  Probe (Chrono Boost)  
  92  7:32  Probe (Chrono Boost)  
  92  7:33  Probe (Chrono Boost)  
  92  7:34  Probe (Chrono Boost)  
  92  7:35  Stalker x2  
  92  7:36  Probe (Chrono Boost)  
  98  7:37  Probe (Chrono Boost)  
  98  7:39  Probe  
  99  7:48  Charge (Chrono Boost), Stalker, Shield Battery  
  103  7:55  Assimilator  
  103  7:56  Observer  
  103  7:58  Gateway  
  102  7:59  Gateway  
  102  8:01  Zealot  
  104  8:06  Pylon  
  104  8:10  Stalker x2  
  106  8:21  Stalker  
  108  8:27  Pylon  
  108  8:28  Pylon  
  108  8:32  Zealot  
  110  8:34  Nexus, Gateway  
  110  8:36  Gateway  
  110  8:39  Probe  
  110  8:40  Warp Prism (Chrono Boost)  
  111  8:53  Zealot x5  
  119  8:56  Probe x2  
  121  9:04  Probe  
  121  9:09  Photon Cannon, Shadow Stride  
  122  9:19  Zealot x3  
  122  9:20  Zealot x2  
  122  9:22  Pylon  
  122  9:24  Photon Cannon  
  132  9:27  Probe  
  133  9:31  Protoss Ground Weapons Level 2 (Chrono Boost)  
  133  9:32  Observer (Chrono Boost)  
  133  9:37  Shield Battery  
  132  9:39  Pylon  
  132  9:42  Probe  
  132  9:44  Shield Battery  
  133  9:50  Zealot x8  
  145  9:59  Probe  
  138  10:00  Probe  
  138  10:03  Observer  
  127  10:10  Observer  
  113  10:15  Stalker x5  
  113  10:16  Stalker x3  
  119  10:27  Nexus  
  119  10:29  Observer  
  119  10:30  Pylon  
  120  10:39  Dark Templar x5  
  120  10:41  Zealot  
  131  10:49  Zealot x2  
  131  10:52  Gateway  
  131  10:55  Gateway  
  119  11:04  Stalker  
  119  11:11  Zealot x7  
  124  11:21  Probe x2  
  124  11:25  Shield Battery  
  126  11:27  Photon Cannon  
  126  11:28  Observer  
  126  11:32  Stalker x4  
  135  11:37  Stalker  
  135  11:39  Stalker  
  139  11:44  Stalker x2  
  139  11:46  Probe  
  144  11:50  Dark Templar  
  144  11:51  Zealot  
  146  11:56  Stalker x3  
  128  12:02  Dark Templar  
  128  12:03  Zealot  
  128  12:06  Zealot  
  117  12:09  Zealot x2  
  117  12:14  Zealot  
  114  12:19  Dark Templar  
Tags
 
Add a new tag
Caveats
  • Supply blocks, unpowered buildings, or Contaminate may cause inaccurate times.
  • Supply counts are checked every 10 seconds.